 Dungeon Crawl Stone Soup version 0.30-a0-743-gbfdf073431 (webtiles) character file.

Game seed: 1531315797042101374

25 Leeroy the Slasher (level 3, -1/18 HPs)
             Began as a Vine Stalker Warper on Feb 7, 2023.
             Slain by a worm (4 damage)
             ... on level 2 of the Dungeon.
             The game lasted 00:00:44 (731 turns).

Leeroy the Slasher (Vine Stalker Warper)             Turns: 731, Time: 00:00:45

Health: -1/18      AC:  3    Str: 13    XL:     3   Next: 4%
Magic:  0/7        EV: 11    Int: 13    God:
Gold:   85         SH:  0    Dex: 15    Spells: 6/6 levels left

rFire   . . .      SeeInvis .    a - +0 falchion
rCold   . . .      Faith    .    (no shield)
rNeg    . . .      Spirit   +    b - +0 leather armour
rPois   .          Reflect  .    (no helmet)
rElec   .          Harm     .    (no cloak)
rCorr   .          Rampage  .    (no gloves)
Will    .....                    (no boots)
Stlth   +                        (no amulet)
HPRegen 0.23/turn                (no ring)
MPRegen 0.10/turn                (no ring)

@: no status effects
A: fangs 2, magic shield, antimagic bite, no potion heal 2
a: no special abilities


You were on level 2 of the Dungeon.
You visited 1 branch of the dungeon, and saw 2 of its levels.

You collected 85 gold pieces.

Inventory:

Hand Weapons
 a - a +0 falchion (weapon)
Missiles
 d - 7 boomerangs of dispersal (quivered)
Armour
 b - a +0 leather armour (worn)
Scrolls
 c - 2 scrolls of blinking
Potions
 e - a potion of brilliance {unknown}
 f - a potion of curing {unknown}
 g - a potion of berserk rage {unknown}
 h - a potion of resistance {unknown}


   Skills:
 - Level 1.7 Fighting
 + Level 3.1 Long Blades
 - Level 0.8 Throwing
 - Level 0.7 Armour
 - Level 1.5 Dodging
 - Level 2.1 Spellcasting
 - Level 3.0 Translocations


You had 6 spell levels left.
You didn't know any spells.
Your spell library contained the following spells:

 Spells                   Type           Power      Damage    Failure   Level
 Blink                    Tloc           18%        N/A       14%         2
 Lesser Beckoning         Tloc           18%        N/A       14%         2
 Teleport Other           Tloc           9%         N/A       28%         3
 Vhi's Electric Charge    Tloc/Air       10%        N/A       45%         3
 Manifold Assault         Tloc           9%         N/A       67%         4


Dungeon Overview and Level Annotations

Branches:
Dungeon (2/15)

Altars:


Innate Abilities, Weirdness & Mutations

You have extremely sharp teeth.
When hurt, damage is shared between your health and your magic reserves.
Your bite disrupts and absorbs the magic of your enemies.
Potions cannot restore your health.


Message History

A goblin comes into view. It is wielding a +0 dagger.
The worm barely misses you.
You barely miss the worm. Your bite misses the worm.
The worm barely misses you.
You hit the worm.
The worm is moderately wounded.
You hit the worm.
The worm is heavily wounded.
The worm barely misses you.
You hit the worm. You bite the worm. You drain its power.
The worm is almost dead.
The goblin barely misses you.
A ball python comes into view.
The worm bites you!
Ouch! That really hurt!
You are too injured to fight recklessly!
You are too injured to fight recklessly!
You are too injured to fight recklessly!
You are too injured to fight recklessly!
You are too injured to fight recklessly!
The goblin hits you with a +0 dagger.
You closely miss the goblin.
The ball python hisses angrily.
Your bite misses the goblin. The goblin hits you but does no damage.
You hit the goblin.
You kill the goblin!
You have reached level 3!
Your experience leads to an increase in your attributes!
Increase (S)trength, (I)ntelligence, or (D)exterity?
You feel agile. x2
You slash the ball python!
You kill the ball python!
The worm bites you.
* * * LOW HITPOINT WARNING * * *
Things that are here:
a +0 dagger; a goblin corpse You hit the worm.
The worm is almost dead.
The worm bites you.
You die...

#.## #..###)...# #...
#......#..# #..#
##.#.##....# #..#
#.......#... #..#
#..####....# #..#
#<.......... ##.###..#
#.######...# .......w#
#.# #...#
##.####@#####.######...#
#.#................#
#.........#####.#.#
##..####...........
##.###...#########
##......#..#
#.#.#####....#
#.........#.#
###########.#


You could see a worm.

Vanquished Creatures
  A dart slug (D:1)
  3 ball pythons
  4 bats (D:1)
  An endoplasm (D:2)
  2 giant cockroaches (D:1)
  3 goblins
  3 hobgoblins
  A kobold (D:1)
  2 frilled lizards (D:1)
20 creatures vanquished.

Notes
Turn   | Place    | Note
-------+----------+-------------------------------------------
     0 | D:1      | Leeroy the Vine Stalker Warper began the quest for the Orb.
     0 | D:1      | Reached XP level 1. HP: 11/11 MP: 4/4
    85 | D:1      | Reached XP level 2. HP: 3/15 MP: 0/6
   728 | D:2      | Reached XP level 3. HP: 6/18 MP: 3/7
   731 | D:2      | Slain by a worm

Illustrated notes

Levels and vault maps discovered:
D:1:      tekkud_arrival_beachfront_property, layout_basic,
          chequers_serial_rivers_marsh, chequers_decorated_corner,
          nicolae_figureground_pulse
D:2:      layout_loops_ring, basic_altar,
          hellmonk_ecumenical_altar_leap_of_faith

Skill      XL: |  1  2 |
---------------+-------+-----
Long Blades    | 2 3 |  3.1
Fighting       | |  1.7
Throwing       | |  0.8
Armour         | |  0.7
Dodging        | |  1.5
Spellcasting   | |  2.1
Translocations | |  3.0

Action                     || total
---------------------------++-------
  Melee: Falchion          ||    61
         Bite              ||    12
 Armour: Leather armour    ||    22
  Dodge: Dodged            ||    34

Table legend: (Time is in decaauts)
 A = Elapsed time spent in this place.
 B = Non-inter-level travel time spent in this place.
 C = Inter-level travel time spent in this place.
 D = Time resting spent in this place.
 E = Time spent auto-exploring this place.
 F = Levels seen in this place.
 G = Mean time per level.
                   A        B        C        D        E       F      G
               +--------+--------+--------+--------+--------+-----+--------+
         Total |    742 |    701 |     41 |      2 |    557 |   2 |  371.0 |
       Dungeon |    742 |    701 |     41 |      2 |    557 |   2 |  371.0 |
               +--------+--------+--------+--------+--------+-----+--------+

Top non-repeatable levels by time:
     D:1: 670 daAuts
     D:2: 71 daAuts
